Map: Royal Blood LE

Players

llllllllllll (herO)

  • Race: Protoss Protoss
  • League: Master
  • Spawn Location: 1:00

ByuN - Winner!

  • Race: Terran Terran
  • Spawn Location: 7:00

VOD

Have the link to the VOD?

Description

Time

  • Played on: March 9, 2023, 10:45 p.m.
  • Length: 10:23
Show
View Real Time Build Order
Export as new Build Order

llllllllllll Protoss 

Build Orders: 1 Gate Expand, Zealot Archon 

Get SALT Encoding   

  12  0:00  Probe  
  13  0:12  Probe  
  14  0:17  Pylon  
  14  0:24  Probe  
  15  0:35  Gateway  
  15  0:36  Probe (Chrono Boost)  
  15  0:42  Assimilator  
  16  0:48  Probe (Chrono Boost)  
  17  0:53  Probe (Chrono Boost)  
  18  1:03  Probe  
  19  1:15  Probe  
  20  1:22  Cybernetics Core  
  22  1:31  Nexus  
  20  1:38  Pylon  
  20  1:40  Probe  
  20  1:45  Assimilator  
  21  1:52  Probe  
  22  1:55  Adept (Chrono Boost)  
  22  1:58  Warp Gate  
  24  2:04  Probe  
  25  2:16  Probe  
  25  2:18  Adept  
  25  2:20  Robotics Facility  
  28  2:29  Probe (Chrono Boost)  
  29  2:39  Probe (Chrono Boost)  
  31  2:45  Shield Battery, Probe (Chrono Boost)  
  31  2:47  Adept  
  31  2:49  Probe (Chrono Boost)  
  35  2:52  Probe (Chrono Boost)  
  35  2:56  Probe (Chrono Boost)  
  35  2:57  Probe (Chrono Boost)  
  36  3:05  Gateway  
  37  3:06  Gateway  
  37  3:07  Observer (Chrono Boost)  
  37  3:10  Probe  
  37  3:11  Probe  
  40  3:22  Warp Prism (Chrono Boost)  
  40  3:26  Pylon  
  42  3:28  Probe  
  42  3:29  Probe  
  44  3:40  Probe  
  45  3:41  Probe  
  45  3:43  Pylon  
  46  3:49  Stalker  
  46  3:52  Pylon, Probe  
  46  3:53  Probe  
  46  3:54  Observer  
  51  4:01  Stalker x2  
  55  4:06  Assimilator  
  55  4:07  Probe  
  55  4:08  Assimilator, Probe  
  56  4:28  Probe x2  
  56  4:40  Probe x2  
  56  4:44  Twilight Council  
  58  4:46  Adept x3  
  58  4:52  Probe x2  
  65  4:58  Observer  
  66  5:05  Probe x2  
  66  5:06  Pylon  
  68  5:13  Warp Prism  
  60  5:16  Observer  
  60  5:17  Charge (Chrono Boost)  
  60  5:21  Templar Archives  
  60  5:23  Stalker  
  60  5:24  Stalker x2  
  66  5:42  Psionic Storm  
  64  5:43  Pylon  
  64  5:46  Gateway  
  64  5:49  Gateway  
  63  5:52  Gateway  
  63  5:58  High Templar x2  
  67  6:11  Gateway  
  67  6:14  Gateway, High Templar  
  67  6:15  Shield Battery  
  69  6:20  Shield Battery  
  71  6:34  Pylon  
  71  6:35  Zealot, High Templar  
  71  6:37  Pylon  
  73  6:46  Immortal (Chrono Boost)  
  73  6:47  Zealot x4  
  85  7:08  Zealot x5, High Templar x2  
  91  7:13  Archon  
  91  7:14  Zealot  
  101  7:28  Pylon  
  101  7:29  Pylon  
  101  7:33  Probe  
  102  7:40  Nexus  
  102  7:45  Pylon  
  102  7:46  Probe x2  
  104  7:52  High Templar x2  
  104  7:54  Zealot x3  
  106  7:58  Archon  
  106  8:01  Probe x2  
  87  8:13  Probe x2  
  87  8:16  High Templar x2  
  83  8:20  Zealot x3  
  83  8:25  Probe x2 (Chrono Boost)  
  91  8:32  Immortal (Chrono Boost)  
  95  8:37  Probe (Chrono Boost)  
  95  8:38  Probe (Chrono Boost)  
  97  8:45  Probe x2  
  99  8:49  Shield Battery  
  99  8:52  Probe  
  100  8:56  High Templar  
  100  8:57  Zealot x2  
  106  9:06  Probe x2  
  106  9:07  Probe  
  108  9:15  Observer (Chrono Boost)  
  108  9:16  Zealot x4, High Templar  
  119  9:23  Zealot x2  
  123  9:29  Immortal (Chrono Boost)  
  123  9:48  Archon  
  123  9:49  Zealot x5, High Templar x2  
  137  9:55  Archon  
  135  10:02  Archon  
  135  10:05  Archon  
Show
View Real Time Build Order
Export as new Build Order

ByuN Terran - Winner!

Build Orders:  

Get SALT Encoding   

  12  0:00  SCV  
  13  0:12  SCV  
  14  0:16  Supply Depot  
  14  0:24  SCV  
  15  0:38  SCV  
  15  0:39  Barracks  
  15  0:42  Refinery  
  16  0:50  SCV  
  17  1:02  SCV  
  18  1:14  SCV  
  19  1:26  Orbital Command  
  20  1:34  Command Center  
  20  1:37  Marine  
  20  1:48  Factory  
  20  1:52  SCV  
  21  1:57  Refinery  
  21  2:00  Barracks Reactor  
  21  2:04  SCV  
  22  2:08  Supply Depot  
  22  2:16  SCV  
  23  2:30  SCV  
  23  2:32  Starport  
  23  2:36  Widow Mine  
  26  2:37  Marine x2  
  26  2:42  SCV  
  29  2:47  Orbital Command  
  29  2:54  SCV  
  29  2:56  Marine  
  29  2:57  Widow Mine  
  29  2:58  Marine  
  34  3:09  Medivac  
  34  3:12  SCV x2  
  38  3:14  Marine  
  38  3:16  Marine  
  38  3:18  Widow Mine  
  42  3:21  Supply Depot  
  42  3:24  SCV  
  42  3:25  SCV  
  44  3:30  Bunker  
  44  3:33  Marine  
  44  3:34  Marine  
  46  3:41  Starport Tech Lab, Factory Tech Lab  
  46  3:43  SCV x2  
  46  3:44  Supply Depot  
  48  3:51  Marine  
  48  3:52  Marine  
  48  3:55  SCV x2  
  52  4:03  Raven  
  52  4:05  Siege Tank  
  52  4:07  Supply Depot  
  52  4:08  SCV  
  52  4:09  SCV  
  59  4:14  Barracks  
  59  4:20  SCV  
  59  4:21  SCV  
  59  4:30  Marine x2  
  61  4:33  SCV x2  
  61  4:38  Siege Tank, Refinery  
  62  4:42  Viking  
  64  4:45  Engineering Bay  
  64  4:48  Marine  
  64  4:49  SCV  
  64  4:50  SCV  
  67  4:56  Supply Depot  
  67  5:02  Barracks, SCV x2  
  69  5:11  Supply Depot  
  69  5:14  SCV x2  
  66  5:16  Siege Tank  
  70  5:22  Terran Infantry Weapons Level 1, Starport Reactor  
  70  5:26  SCV x2  
  70  5:27  Refinery  
  70  5:28  Marine x2  
  74  5:37  Command Center  
  74  5:38  Stimpack  
  74  5:45  Marine  
  74  5:47  Marauder, Marine  
  78  5:57  Factory Reactor, Supply Depot  
  78  5:58  Marauder  
  78  5:59  Barracks  
  78  6:01  SCV x2  
  78  6:03  Marine  
  83  6:04  Marine  
  83  6:06  Barracks  
  84  6:12  Supply Depot, Medivac  
  86  6:18  Medivac  
  86  6:19  Marauder  
  86  6:20  Marauder  
  86  6:21  SCV  
  92  6:27  SCV  
  93  6:33  SCV  
  94  6:42  Marine  
  94  6:43  Widow Mine, Marauder x2, Marine  
  94  6:44  SCV  
  94  6:45  Supply Depot  
  94  6:46  Widow Mine  
  102  6:49  Barracks Reactor, SCV  
  102  6:53  Barracks Tech Lab  
  103  6:56  SCV  
  103  6:59  Orbital Command  
  104  7:04  Marauder  
  104  7:07  Ghost Academy  
  106  7:12  SCV x2  
  106  7:15  Medivac x2  
  112  7:20  Marauder  
  112  7:21  Marauder  
  116  7:24  Marine x2, Orbital Command  
  116  7:26  Marauder  
  116  7:27  Terran Infantry Armor Level 1  
  118  7:31  Supply Depot  
  120  7:37  Widow Mine x2  
  120  7:41  Ghost  
  124  7:45  Supply Depot  
  124  7:46  SCV, Ghost  
  124  7:47  SCV  
  124  7:48  Marine x2  
  124  7:50  Marine x3  
  132  8:01  SCV x2  
  132  8:04  SCV  
  113  8:13  SCV x2, Marauder x2, Marine  
  113  8:16  SCV  
  113  8:17  Medivac  
  116  8:25  SCV x2  
  118  8:28  Concussive Shells, SCV  
  118  8:29  Combat Shield  
  118  8:32  Viking  
  121  8:37  SCV x2  
  121  8:40  SCV  
  124  8:42  Missile Turret  
  124  8:43  Supply Depot x2  
  124  8:46  Ghost  
  124  8:47  Ghost  
  128  8:54  Marine x3  
  128  8:55  Marine  
  132  8:57  Ghost  
  132  9:00  SCV  
  132  9:01  SCV x2, Refinery x2  
  137  9:13  SCV x2  
  137  9:15  Marine x2  
  137  9:16  Marauder x2, Marine x2  
  147  9:19  Medivac  
  147  9:21  Medivac  
  151  9:25  SCV x3  
  151  9:26  Marauder, Missile Turret  
  155  9:35  Marine x2  
  155  9:37  Marauder x2  
  155  9:38  Marine  
  162  9:44  Marine  
  163  9:48  Marauder  
  163  9:52  Supply Depot  
  165  9:53  Supply Depot  
  165  10:02  Marine x2  
  165  10:03  Marine x2  
Tags
 
Composition
Zealot Archon
League
Master
Matchup
PvT
Player
ByuNherO
Spawn Locations
Cross Positions
Add a new tag
Caveats
  • Supply blocks, unpowered buildings, or Contaminate may cause inaccurate times.
  • Supply counts are checked every 10 seconds.